 Dungeon Crawl Stone Soup version 0.24.0-37-gcf1ca852f1 (webtiles) character file.

Game seed: 9991781006804901647, levelgen mode: deterministic

5358 grindst0ne the Covert (level 10, -5/63 HPs)
             Began as an Octopode Fighter on Nov 24, 2019.
             Was an Elder of Okawaru.
             Slain by an orc knight
             ... wielding a +0 trident
              (24 damage)
             ... in a bailey.
             The game lasted 00:26:41 (9610 turns).

grindst0ne the Covert (Octopode Fighter)            Turns: 9610, Time: 00:26:41

Health: -5/63      AC:  1    Str: 17    XL:     10   Next: 65%
Magic:  12/12      EV: 18    Int: 12    God:    Okawaru [****..]
Gold:   326        SH: 11    Dex: 17    Spells: 7/9 levels left

rFire    . . .     SeeInvis .   z - +0 dagger (venom)
rCold    . . .     Gourm    .   b - +0 shield
rNeg     . . .     Faith    .   (helmet restricted)
rPois    +         Spirit   .   G - amulet of regeneration
rElec    .         Reflect  .   q - +2 ring of strength
rCorr    .         Harm     .   y - ring of poison resistance
MR       +....                  A - +3 ring of dexterity
Stlth    ++++++....             D - ring of protection from magic
HPRegen  0.60/turn              (no ring)
MPRegen  0.13/turn              (no ring)
                                (no ring)
                                (no ring)

@: about to teleport, studying Fighting
A: almost no armour, stealthy swim, amphibious, 8 rings, constrict 8, camouflage
1, gelatinous body 1
a: Heroism, Renounce Religion


You were in a bailey.
You worshipped Okawaru.
Okawaru was greatly pleased with you.
You were not hungry.

You visited 1 branch of the dungeon, and saw 9 of its levels.
You also visited: Sewer and Bailey.

You collected 526 gold pieces.
You spent 200 gold pieces at shops.

Inventory:

Hand Weapons
 a - a +0 war axe
 p - a +0 arbalest
 z - a +0 dagger of venom (weapon)
Missiles
 J - 75 bolts
Armour
 b - a +0 shield (worn)
Jewellery
 q - a +2 ring of strength (left tentacle)
 y - a ring of poison resistance (right tentacle)
 A - a +3 ring of dexterity (on tentacle)
 D - a ring of protection from magic (on tentacle)
 G - an amulet of regeneration (around mantle)
 M - an uncursed amulet of rage {unknown}
Wands
 I - a wand of flame (9)
Scrolls
 e - 2 scrolls of enchant armour {unknown}
 j - 5 scrolls of teleportation
 k - 3 scrolls of immolation
 l - 2 scrolls of magic mapping {unknown}
 o - 2 scrolls of fear {unknown}
 r - 2 scrolls of noise {unknown}
 w - a scroll of blinking
 F - a scroll of amnesia {unknown}
 H - a scroll of remove curse
 K - a scroll of fog {unknown}
Potions
 g - 2 potions of berserk rage
 h - 2 potions of resistance
 i - 5 potions of flight
 m - a potion of ambrosia
 n - 3 potions of lignification
 s - 8 potions of curing
 t - a potion of mutation {unknown}
 u - 4 potions of heal wounds
 v - 2 potions of agility
 x - a potion of might
 E - 2 potions of brilliance {unknown}
Books
 O - a manual of Fighting
Comestibles
 d - 9 rations
 f - 5 chunks of flesh


   Skills:
 - Level 3.0 Fighting
 + Level 5.1 Axes
 + Level 8.6 Dodging
 - Level 12.0 Stealth
 + Level 8.7 Shields
 + Level 3.6 Evocations


You had 7 spell levels left.
You knew the following spells:

 Your Spells              Type           Power        Failure   Level  Hunger
a - Blink                 Tloc           N/A          73%         2    ###....

Your spell library contained the following spells:

 Spells                   Type           Power        Failure   Level  Hunger
 Freeze                   Ice            #...         58%         1    ##.....
 Magic Dart               Conj           #...         58%         1    ##.....
 Call Imp                 Summ           #.......     73%         2    ###....
 Slow                     Hex            #.......     73%         2    ###....
 Throw Frost              Conj/Ice       #.....       73%         2    ###....
 Conjure Flame            Conj/Fire      #.......     91%         3    ####...
 Mephitic Cloud           Conj/Pois/Air  #.......     91%         3    ####...
 Ozocubu's Armour         Chrm/Ice       #.......     91%         3    ####...
 Summon Ice Beast         Ice/Summ       #.......     100%        4    #####..
 Throw Icicle             Conj/Ice       #.......     100%        4    #####..


Dungeon Overview and Level Annotations

Branches:
Dungeon (9/15)             Temple (0/1) D:5           Sewer (visited)
 Bailey (1/1)
   Lair: D:8-11         Orc: D:9-12

Altars:
Ashenzari
Dithmenos
Elyvilon
Hepliaklqana
Okawaru
Uskayaw
Vehumet
Wu Jian
Xom
The Shining One

Shops:
D:4 =


Innate Abilities, Weirdness & Mutations

You cannot wear most types of armour.
You are very stealthy in the water. (Stealth+)
You are amphibious.
You can wear up to eight rings at the same time.
You can use your tentacles to constrict eight enemies at once.
Your skin changes colour to match your surroundings (Stealth+).
Your rubbery body absorbs attacks. (AC +1, EV +1)


Message History

The orc knight is severely wounded.
The orc knight hits you with a +0 trident!!
The orc knight barely misses you.
The orc knight roars a battlecry!
The orc warrior goes into a battle-frenzy!
You feel much better.
Evoke which item? (* to show all) (? for menu, Esc to quit)
Aiming: Throw Flame
Press: ? - help, Shift-Dir - straight line, f/p - orc knight
Aim: an orc knight, wielding a +0 trident and wearing a +0 scale mail (severely wounded)
The puff of flame hits the orc knight!
The orc knight is severely wounded.
The orc knight hits you from afar with a +0 trident!!
* * * LOW HITPOINT WARNING * * *
Okay, then.
Okay, then.
As you read the scroll of teleportation, it crumbles to dust.
You feel strangely unstable.
The orc knight hits you from afar with a +0 trident!!
You die...

..........##'''#..##.............
......##(.##∩oo##..#.............
......##.####)####.##.......(.(..
......##.()#() #)'.##........(...
......##.###._ ###o##...(.(.(.((.
......##.')#(. #)'.##............
......##.#########o##............
....(..#..##)#)##..#.............
.......##..#'#'#@.##.............
........##.......##..............
≈≈≈≈≈...(#########....≈≈≈≈≈....(.
≈#o#≈≈...(..###......≈≈#.#≈≈.....
##o∩#≈.....(.........≈#∩.##≈.....
..^..≈...............≈..^..≈.....
##o##≈...............≈##.##≈.....
≈#o#≈≈..........)....≈≈#.#≈≈.....
≈≈≈≈≈......(..........≈≈≈≈≈......


You could see an orc knight.

Vanquished Creatures
  A two-headed ogre (D:9)
  Sigmund (D:6)
  Eustachio (D:5)
  10 orc warriors
  3 sky beasts
  An ice beast (D:5)
  A necrophage (D:5)
  An ogre (D:8)
  A centaur (D:8)
  2 big kobolds (Sewer)
  9 bullfrogs
  6 scorpions
  4 wights (D:6)
  6 howler monkeys
  6 crimson imps
  A quasit (D:6)
  A centaur zombie (D:6)
  6 hounds
  8 orc wizards
  2 bullfrog skeletons
  3 orc priests
  Jessica (D:2)
  4 iguanas
  4 worker ants
  A hound zombie (D:7)
  A howler monkey zombie (D:8)
  9 gnolls
  10 adders
  A shadow imp (D:8)
  6 oozes
  An adder skeleton (D:4)
  6 worms
  5 dart slugs
  6 leopard geckos
  28 orcs
  7 giant cockroaches
  9 goblins
  8 hobgoblins
  7 jackals
  3 quokkas
  5 ball pythons
  A ball python skeleton (D:4)
  15 bats
  7 frilled lizards
  23 kobolds
  A leopard gecko skeleton (D:4)
  A leopard gecko zombie (D:4)
  13 rats
257 creatures vanquished.

Notes
Turn   | Place    | Note
-------+----------+-------------------------------------------
     0 | D:1      | grindst0ne the Octopode Fighter began the quest for the
                  | Orb.
     0 | D:1      | Reached XP level 1. HP: 16/16 MP: 1/1
   119 | D:1      | Reached skill level 1 in Stealth
   160 | D:1      | Reached XP level 2. HP: 17/21 MP: 2/2
   181 | D:1      | Reached skill level 2 in Stealth
   268 | D:1      | Reached XP level 3. HP: 15/26 MP: 3/3
   901 | D:2      | Reached skill level 3 in Stealth
  1139 | D:2      | Reached XP level 4. HP: 10/31 MP: 4/4
  1155 | D:2      | HP: 1/31 [poisoned by an adder]
  1531 | D:2      | Reached skill level 4 in Stealth
  1562 | D:2      | Found a radiant altar of Vehumet.
  1877 | D:2      | Noticed Jessica
  1885 | D:2      | Killed Jessica
  1885 | D:2      | Reached XP level 5. HP: 31/36 MP: 5/5
  2325 | D:3      | Reached skill level 5 in Stealth
  2340 | D:3      | Learned a level 2 spell: Blink
  2462 | D:3      | Reached XP level 6. HP: 35/42 MP: 6/6
  2639 | D:3      | Found a glowing drain.
  2643 | Sewer    | Entered a sewer
  2675 | Sewer    | Reached skill level 6 in Stealth
  2890 | Sewer    | Reached skill level 7 in Stealth
  2987 | D:3      | Found a glowing golden altar of the Shining One.
  2991 | D:3      | Reached XP level 7. HP: 41/46 MP: 7/7
  3277 | D:3      | Found a shattered altar of Ashenzari.
  3278 | D:3      | Found a hide-covered altar of Uskayaw.
  4013 | D:4      | Found Ukyrexky's Jewellery Emporium.
  4019 | D:4      | Bought an uncursed ring of poison resistance for 200 gold
                  | pieces
  4040 | D:4      | Found a shadowy altar of Dithmenos.
  4060 | D:4      | Reached skill level 8 in Stealth
  4071 | D:4      | Reached skill level 5 in Shields
  4361 | D:4      | Found an ornate altar of the Wu Jian Council.
  4423 | D:4      | Found a hazy altar of Hepliaklqana.
  4637 | D:5      | Entered Level 5 of the Dungeon
  4662 | D:5      | Reached skill level 5 in Dodging
  4721 | D:5      | Found an iron altar of Okawaru.
  4728 | D:5      | Reached XP level 8. HP: 48/52 MP: 8/8
  4731 | D:5      | Became a worshipper of Warmaster Okawaru
  4745 | D:5      | Reached skill level 9 in Stealth
  5130 | D:5      | Noticed Eustachio
  5139 | D:5      | Killed Eustachio
  5139 | D:5      | Reached skill level 10 in Stealth
  5155 | D:5      | Found a staircase to the Ecumenical Temple.
  5267 | D:5      | Found a shimmering altar of Xom.
  5267 | D:5      | Found a white marble altar of Elyvilon.
  5494 | D:6      | Reached * piety under Okawaru
  5674 | D:6      | Noticed Sigmund
  5702 | D:6      | Killed Sigmund
  5702 | D:6      | Reached skill level 11 in Stealth
  5710 | D:6      | Reached XP level 9. HP: 41/56 MP: 9/9
  6035 | D:6      | Reached ** piety under Okawaru
  6066 | D:6      | Reached skill level 12 in Stealth
  7745 | D:8      | Reached *** piety under Okawaru
  7982 | D:8      | Reached XP level 10. HP: 20/63 MP: 10/10
  8255 | D:8      | Reached skill level 1 in Evocations
  8510 | D:9      | Noticed a two-headed ogre
  8519 | D:9      | Found a flagged portal.
  8540 | D:9      | Killed a two-headed ogre
  8540 | D:9      | Reached **** piety under Okawaru
  8542 | Bailey   | Entered a bailey
  9565 | Bailey   | Reached skill level 5 in Axes
  9581 | Bailey   | Found a roughly hewn altar of Beogh.
  9581 | Bailey   | Noticed an orc knight
  9610 | Bailey   | Slain by an orc knight

Levels and vault maps discovered:
D:1:      dpeg_arrival_castle, layout_basic, minmay_vboxes
D:2:      layout_basic, vehumet_crystals, first_ration, minmay_quadrilaterals,
          uniq_jessica
D:3:      kennysheep_six_static_rooms, layout_loops_ring, old_standard_altar,
          grunt_temple_overflow_open, gup_sewer_entry_bowl,
          chequers_serial_rivers_micro_a, minmay_bisected
D:4:      layout_loops_ring, kennysheep_little_box,
          lemuel_coloured_pillars_altar, nicolae_dithmenos_shadow_blocks,
          serial_shops, shop_fountains
D:5:      layout_cave_pools, nicolae_overflow_crystal_walls,
          gammafunk_temple_overflow_elements, minmay_temple_entry_proselytizer,
          uniq_eustachio
D:6:      layout_rooms, uniq_sigmund
D:7:      layout_layer_cave
D:8:      layout_gridville
D:9:      layout_cave_pools, lemuel_zombie_altar_yredelemnul,
          kennysheep_orc_monster_closet_entryway, ebering_ghost_gozag,
          enter_bailey_2
Bailey:   bailey_polearm_2, bailey

Skill      XL: |  1  2  3  4  5  6  7  8  9 10 |
---------------+-------------------------------+-----
Stealth        | 1 2 3 4 5 7 8 11 12 | 12.0
Shields        | 4 5 6 7 8 |  8.7
Dodging        | 4 5 6 7 8 |  8.6
Axes           | 3 5 |  5.1
Evocations     | 3 |  3.6
Fighting       | |  3.0

Action                   |  1- 3 |  4- 6 |  7- 9 | 10-12 || total
-------------------------+-------+-------+-------+-------++-------
Melee: War axe           |    60 |   133 |   255 |    34 ||   482
       Constrict         |    19 |    31 |    61 |    20 ||   131
       Tentacles         |    10 |    21 |    81 |    23 ||   135
       Dagger            |       |       |     6 |    30 ||    36
Throw: Dart              |       |     1 |       |     3 ||     4
       Javelin           |       |       |       |     2 ||     2
       Throwing net      |       |       |       |     1 ||     1
 Cast: Blink             |       |       |       |     3 ||     3
Invok: Heroism           |       |       |       |     1 ||     1
Evoke: Wand              |       |       |     5 |    19 ||    24
  Use: Scroll            |     3 |     5 |     5 |     2 ||    15
       Potion            |     1 |       |     1 |     2 ||     4
 Stab: Sleeping          |     7 |    21 |    27 |     8 ||    63
  Eat: Chunk             |     1 |     6 |    16 |     2 ||    25
       Ration            |       |       |       |     1 ||     1
Armor: Skin              |     4 |    11 |    11 |     3 ||    29
Dodge: Dodged            |    25 |    62 |   147 |    81 ||   315
Block: Shield            |    34 |    72 |   138 |   118 ||   362
